 Dungeon Crawl Stone Soup version 0.30-a0-1016-gfb0d676c02 (webtiles) character file.

Game seed: 4101570239398251336

8906 ytrimaz the Martial Artist (level 10, 0/84 HPs)
             Began as a Demigod Transmuter on Apr 6, 2023.
             Succumbed to an orange demon's poison
             ... on level 9 of the Dungeon.
             The game lasted 00:12:36 (9328 turns).

ytrimaz the Martial Artist (Demigod Transmuter)     Turns: 9328, Time: 00:12:36

Health: 0/84       AC:  8    Str: 11    XL:     10   Next: 94%
Magic:  28/28      EV: 10    Int: 27    God:
Gold:   419        SH:  5    Dex: 14    Spells: 14/29 levels left

rFire   . . .      SeeInvis .      - Unarmed
rCold   + + +      Faith    .    (shield currently unavailable)
rNeg    . . .      Spirit   .    b - melded +1 troll leather armour
rPois   +          Reflect  +    (helmet currently unavailable)
rElec   .          Rampage  .    s - melded +0 cloak
rCorr   .                        d - melded +0 pair of gloves
Will    +....                    u - melded +0 pair of boots
Stlth   +                        k - amulet of reflection
HPRegen 0.34/turn                p - ring of protection from fire
MPRegen 0.21/turn                m - ring of protection from cold

@: lethally poisoned (0 -> -2), ice-form, wereblooded, on berserk cooldown,
hasted and slowed
A: freezing attack, amphibious, boosted hp, large, high MP 1, forlorn, divine
attributes
a: End Transformation


You were on level 9 of the Dungeon.
You were a creature of crystalline ice.
You visited 1 branch of the dungeon, and saw 9 of its levels.
You also visited: Ossuary.

You collected 419 gold pieces.


Innate Abilities, Weirdness & Mutations

You are a creature of crystalline ice.
You have a powerful freezing melee attack.
You are amphibious.
Your maximum health is increased.
Your armour is entirely melded.
You are incapable of wielding weapons or throwing items.
You have an increased reservoir of magic. (+10% MP)
You shall have no god before yourself.
Your divine heritage dramatically boosts your attributes as you level up.


   Skills:
 - Level 0.8 Fighting
 - Level 1.7 Dodging
 - Level 10.5 Unarmed Combat
 - Level 10.0 Spellcasting
 + Level 8.0 Transmutations
 + Level 2.5 Earth Magic


You had 14 spell levels left.
You knew the following spells:

 Your Spells              Type           Power      Damage    Failure   Level
b - Wereblood             Tmut           54%        N/A       1%          2
c - Spider Form           Tmut/Pois      35%        N/A       2%          3
d - Ice Form              Ice/Tmut       35%        N/A       9%          4
e - Statue Form           Tmut/Erth      27%        N/A       58%         6

Your spell library contained the following spells:

 Spells                   Type           Power      Damage    Failure   Level
 Beastly Appendage        Tmut           100%       N/A       1%          1
 Petrify                  Tmut/Erth      41%        N/A       4%          4
 Metabolic Englaciation   Hex/Ice        6%         N/A       75%         5

Inventory:

Armour
 a - a +0 robe
 b - a +1 troll leather armour (melded)
   (You found it on level 7 of the Dungeon)
 d - a +0 pair of gloves (melded)
   (You found it on level 6 of the Dungeon)
 s - a +0 cloak (melded)
   (You found it on level 7 of the Dungeon)
 u - a +0 pair of boots (melded)
   (You found it on level 3 of the Dungeon)
Jewellery
 k - an amulet of reflection (around neck)
   (You found it on level 2 of the Dungeon)
 l - a ring of flight
   (You found it on level 3 of the Dungeon)
 m - a ring of protection from cold (right front paw)
   (You found it on level 3 of the Dungeon)
 n - a ring of protection from fire
   (You found it on level 4 of the Dungeon)
 p - a ring of protection from fire (left front paw)
   (You took it off a kobold on level 2 of the Dungeon)
 y - a ring of see invisible
   (You found it on level 4 of the Dungeon)
Wands
 j - a wand of digging (2)
   (You found it on level 6 of the Dungeon)
 z - a wand of polymorph (11)
   (You took it off Sigmund on level 5 of the Dungeon)
Scrolls
 c - 4 scrolls of teleportation
 e - 2 scrolls of poison
 g - 2 scrolls of magic mapping
 o - a scroll of fear
 r - 3 scrolls of fog
 t - a scroll of vulnerability
 v - a scroll of immolation
 A - 2 scrolls of amnesia
Potions
 f - 4 potions of curing
 h - a potion of mutation {unknown}
 i - a potion of brilliance {unknown}
 q - 2 potions of might {unknown}
 w - 3 potions of cancellation {unknown}
 x - a potion of magic {unknown}
 B - a potion of haste
 C - 2 potions of resistance {unknown}
 F - a potion of invisibility {unknown}

Dungeon Overview and Level Annotations

Branches:
Dungeon (9/15) Zot: 26910  Temple (0/1) D:6         Ossuary (visited)
   Lair: D:8-11         Orc: D:9-12

Shops:
D:6 *   D:8 (

Annotations:
D:3 1 runed translucent door, Crazy Yiuf
D:6 3 runed translucent doors, TheSexyCheese's ghost, novice GrFE; lotum's ghost, novice DrCj
D:7 2 transporters

.... . ....... .. ......#
...######## ......
..........# ....##.
.......)..####.......
......))).##....6..... .
......)..Y##...#.....####.
..........................
........#####.............
........#####.......##.#..
.............ยงยง...........
..##..........#.....#...#.
.. #....................>.
#..........#######.#...
#########...........


There were no monsters in sight!


Message History

You hit the human. You freeze the human.
A wraith comes into view.
The human hits you but does no damage. The orange demon stings you from afar!
* * * LOW HITPOINT WARNING * * *
You are poisoned.
The orange demon poisons you!
The human hits you but does no damage. ๐Ÿ˜จ HP[-9]
You take 9 damage, and now have 41/126 hp.
You punch the human! You freeze the human.
You feel very sick. ๐Ÿ˜จ HP[-3]
You take 3 damage, and now have 38/126 hp.
Unknown command.
You feel very sick. The human hits you with a +0 club.
* * * LOW HITPOINT WARNING * * *
The orange demon stings you.
* * * LOW HITPOINT WARNING * * *
The orange demon barely misses you.
The human wields a +0 sling.
The human shoots a sling bullet.
The sling bullet misses you.
The sling bullet hits the orange demon!
Items here: )) [ โ€ . ๐Ÿ˜ฑ HP[-8]
You take 8 damage, and now have 30/126 hp.
Unknown command.
You pummel the orange demon!! You freeze the orange demon!
You feel very sick. The orange demon closely misses you.
The orange demon barely misses you. The human hits you with a +0 club!
* * * LOW HITPOINT WARNING * * *
๐Ÿ˜ฑ HP[-12]
You take 12 damage, and now have 18/126 hp.
You pummel the orange demon!! You freeze the orange demon.
You feel a bit better.
You kill the orange demon!
You feel sick.
Your Earth Magic skill increases to level 2! ๐Ÿ˜ฑ HP[-1]
You take 1 damage, and now have 17/126 hp.
Unknown command.
You punch the human! You freeze the human.
You feel a bit better.
You kill the human!
You feel sick. The human hits you with a +0 club.
* * * LOW HITPOINT WARNING * * *
๐Ÿ˜ฑ HP[-1]
You take 1 damage, and now have 16/126 hp.
Unknown command.
You closely miss the human.
You feel sick. ๐Ÿ˜ฑ HP[-2]
You take 2 damage, and now have 14/126 hp.
Unknown command.
You punch the human! You freeze the human.
You feel sick. The human hits you with a +0 club!
* * * LOW HITPOINT WARNING * * *
๐Ÿ˜ฑ HP[-10]
You take 10 damage, and now have 4/126 hp.
Unknown command.
Unknown command.
You barely miss the human.
* * * LOW HITPOINT WARNING * * *
You feel sick. ๐Ÿ˜ฑ HP[-1]
You take 1 damage, and now have 3/126 hp.
Unknown command.
You pummel the human!! You freeze the human.
You feel a bit better.
You kill the human!
* * * LOW HITPOINT WARNING * * *
You feel sick. The wraith hits you.
* * * LOW HITPOINT WARNING * * *
The wraith drains your vigour!
You feel yourself slow down.
You punch the wraith! You freeze the wraith.
* * * LOW HITPOINT WARNING * * *
You feel sick.
The wraith hits you but does no damage. ๐Ÿ˜ฑ HP[-1]
You take 1 damage, and now have 2/126 hp.
Unknown command.
You punch the wraith! You freeze the wraith.
You feel a bit better.
You destroy the wraith!
You howl as the wereblood boils in your veins!
* * * LOW HITPOINT WARNING * * *
You feel sick.
Your Transmutations skill increases to level 8! ๐Ÿ˜ฑ HP[+1] Unknown command.
* * * LOW HITPOINT WARNING * * *
You feel sick. ๐Ÿ˜ฑ HP[-1]
You take 1 damage, and now have 2/126 hp.
Unknown command.
You feel a strong urge to attack something.
* * * LOW HITPOINT WARNING * * *
You feel sick. ๐Ÿ˜ฑ HP[-1]
You take 1 damage, and now have 1/126 hp.
Unknown command.
You are no longer berserk.
You are exhausted.
You feel as though you will be slow longer.
You die...

Skill      XL: |  1  2  3  4  5  6  7  8  9 10 |
---------------+-------------------------------+-----
Spellcasting   | 2 3 4 5 6 7 9 10 | 10.0
Transmutations | 2 4 5 8 |  8.0
Unarmed Combat | 10 | 10.5
Earth Magic    | 2 |  2.5
Fighting       | |  0.8
Dodging        | |  1.7

Action                     |  1- 3 |  4- 6 |  7- 9 | 10-12 || total
---------------------------+-------+-------+-------+-------++-------
  Melee: Unarmed           |   118 |   116 |   199 |   204 ||   637
         Kick              |    23 |    14 |       |       ||    37
         Headbutt          |    11 |    12 |       |       ||    23
   Cast: Beastly Appendage |    29 |    13 |       |       ||    42
         Spider Form       |     1 |     8 |    10 |       ||    19
         Wereblood         |     1 |     3 |     5 |     9 ||    18
         Ice Form          |       |     2 |    11 |    20 ||    33
    Use: Potion            |     1 |       |    10 |     4 ||    15
         Scroll            |     4 |     4 |       |     7 ||    15
   Stab: Sleeping          |     2 |       |     1 |       ||     3
 Armour: Robe              |    30 |     8 |     4 |       ||    42
         Skin              |     1 |     5 |    23 |   100 ||   129
         Troll leather arm |       |       |       |     1 ||     1
  Dodge: Dodged            |    77 |    67 |   109 |    98 ||   351
  Block: Other             |    17 |    38 |    44 |    52 ||   151
         Reflection        |       |       |     2 |     4 ||     6

Levels and vault maps discovered:
D:1:      dpeg_arrival_subterranean_lakeside_camping, layout_loops_ring
D:2:      layout_loops_ring
D:3:      layout_basic, hangedman_decor_growths, uniq_crazy_yiuf_cottage
D:4:      layout_basic
D:5:      layout_basic, gup_sewer_entry_pipe, uniq_edmund, uniq_sigmund
D:6:      layout_basic, temple_green, gammafunk_ghost_cemetery,
          guppyfry_shop_venom
D:7:      gammafunk_the_bubble [the_bubble_gammafunk_plus_minus], layout_basic,
          mainiacjoe_overflow_24_doors, old_standard_altar,
          mainiacjoe_overflow_paths, nicolae_ossuary_entry_false_entrances
D:8:      layout_basic, nicolae_qazlal_eye_of_the_storm, serial_shops,
          nicolae_shop_hallway_plus, uniq_grum
D:9:      layout_basic, kennysheep_cross_room, minmay_misc_feat_hallway,
          minmay_ruffians, uniq_amaemon, uniq_maggie

Notes
Turn   | Place    | Note
-------+----------+-------------------------------------------
     0 | D:1      | ytrimaz the Demigod Transmuter began the quest for the Orb.
     0 | D:1      | Reached XP level 1. HP: 15/15 MP: 5/5
     0 | D:1      | magus.rc [v1.9.6]
    46 | D:1      | Reached skill level 2 in Spellcasting
   222 | D:1      | Reached XP level 2. HP: 22/22 MP: 6/8
   867 | D:1      | Learned a level 2 spell: Wereblood
   968 | D:2      | You pick up a book of Sloth and begin reading...
   968 | D:2      | You add the spells Petrify, Metabolic Englaciation and
                  | Statue Form to your library.
  1061 | D:2      | Reached skill level 3 in Spellcasting
  1160 | D:2      | Reached XP level 3. HP: 21/27 MP: 8/10
  1175 | D:2      | Learned a level 3 spell: Spider Form
  1946 | D:3      | Noticed a bullfrog
  1956 | D:3      | Killed a bullfrog
  1957 | D:3      | Reached skill level 4 in Spellcasting
  1957 | D:3      | Reached XP level 4. HP: 14/34 MP: 5/13
  2370 | D:3      | Reached XP level 5. HP: 36/39 MP: 11/15
  2930 | D:3      | Found a runed translucent door.
  2931 | D:3      | Noticed Crazy Yiuf
  2960 | D:3      | Learned a level 4 spell: Ice Form
  2969 | D:4      | Reached skill level 5 in Spellcasting
  3383 | D:4      | Reached XP level 6. HP: 46/46 MP: 11/17
  3577 | D:4      | Reached skill level 2 in Transmutations
  3755 | D:5      | Entered Level 5 of the Dungeon
  3898 | D:5      | Noticed Edmund
  3918 | D:5      | Killed Edmund
  3919 | D:5      | Reached skill level 6 in Spellcasting
  3985 | D:5      | Reached XP level 7. HP: 40/51 MP: 12/20
  4079 | D:5      | Noticed Sigmund
  4096 | D:5      | HP: 12/51 [centaur/arrow (11)]
  4096 | D:5      | HP: 5/51 [centaur/arrow (6)]
  4460 | D:5      | Reached skill level 3 in Transmutations
  4514 | D:5      | Reached skill level 7 in Spellcasting
  4869 | D:5      | Killed Sigmund
  4870 | D:5      | Reached skill level 4 in Transmutations
  5009 | D:5      | Reached XP level 8. HP: 50/58 MP: 18/23
  5347 | D:6      | HP: 13/58 [acid (5)]
  5363 | D:6      | HP: 14/58 [ogre/+0 giant club (13)]
  5369 | D:6      | Reached skill level 8 in Spellcasting
  5383 | D:6      | HP: 14/58 [poisoned by a gnoll]
  5599 | D:5      | Learned a level 6 spell: Statue Form
  5909 | D:6      | Reached skill level 5 in Transmutations
  6028 | D:6      | Found a runed translucent gate.
  6029 | D:6      | Found a runed translucent gate.
  6029 | D:6      | Found a runed translucent gate.
  6031 | D:6      | Noticed lotum's ghost (novice DrCj)
  6031 | D:6      | Noticed TheSexyCheese's ghost (novice GrFE)
  6456 | D:6      | Reached skill level 9 in Spellcasting
  6460 | D:6      | Identified a potion of experience
  6460 | D:6      | Reached skill level 10 in Unarmed Combat
  6460 | D:6      | Reached XP level 9. HP: 27/63 MP: 19/26
  6460 | D:6      | HP: 18/75 [yak (9)]
  6772 | D:6      | Found Tunekhlaa's Serpentskin Sales.
  6781 | D:6      | Reached XP level 10. HP: 62/70 MP: 23/27
  6910 | D:6      | Found a staircase to the Ecumenical Temple.
  6922 | D:6      | Reached skill level 6 in Transmutations
  7300 | D:7      | Noticed a skeletal warrior
  7301 | D:7      | Noticed a two-headed ogre
  7489 | D:7      | Found a sand-covered staircase.
  7580 | Ossuary  | Entered an ossuary
  8082 | D:7      | Found a transporter.
  8085 | D:7      | Found a transporter.
  8297 | D:8      | Noticed a two-headed ogre
  8308 | D:8      | Killed a two-headed ogre
  8309 | D:8      | Reached skill level 10 in Spellcasting
  8538 | D:8      | Noticed Grum
  8544 | D:8      | Killed Grum
  8545 | D:8      | Reached skill level 7 in Transmutations
  8888 | D:8      | Found Fostotapp's Weapon Boutique.
  9285 | D:9      | Noticed Amaemon
  9300 | D:9      | HP: 21/84 [orc/+0 trident (3)]
  9302 | D:9      | HP: 8/84 [Amaemon/+1 demon whip of venom (3)]
  9303 | D:9      | Killed Amaemon
  9304 | D:9      | Reached skill level 1 in Earth Magic
  9307 | D:9      | HP: 2/84 [human/+0 club (10)]
  9316 | D:9      | HP: 31/126 [human/+0 club (4)]
  9319 | D:9      | Reached skill level 2 in Earth Magic
  9320 | D:9      | HP: 14/126 [poisoned by an orange demon]
  9321 | D:9      | HP: 4/126 [human/+0 club (9)]
  9326 | D:9      | Reached skill level 8 in Transmutations
  9326 | D:9      | HP: 2/126 [poisoned by an orange demon]
  9328 | D:9      | Succumbed to an orange demon's poison

Vanquished Creatures
  A two-headed ogre (D:8)
  Amaemon (D:9)
  An orange demon (D:9)
  A hornet (D:8)
  A wraith (D:9)
  4 yaks (D:6)
  Sigmund (D:5)
  3 humans (D:9)
  Grum (D:8)
  A steam dragon (D:9)
  Edmund (D:5)
  5 water moccasins
  An orc warrior (D:8)
  A black bear (D:6)
  A sky beast (D:6)
  3 ice beasts
  4 ogres
  3 centaurs
  3 wolves (D:8)
  A phantom (D:6)
  3 kobold brigands
  4 bullfrogs
  4 killer bees (D:7)
  2 howler monkeys
  An orc priest (D:8)
  3 centaur zombies (Ossuary)
  A hound (D:4)
  3 jellies
  A gnoll bouda (D:6)
  3 sleepcaps
  2 iguanas
  10 orc wizards
  6 mummies (Ossuary)
  4 gnolls (D:6)
  11 adders
  2 shadow imps
  A white imp (D:6)
  2 worms
  21 orcs
  4 ball pythons
  6 endoplasms
  6 giant cockroaches
  8 goblins
  3 hobgoblins
  7 jackals (D:3)
  14 kobolds
  8 quokkas
  11 bats
  2 frilled lizards (D:1)
  3 hobgoblin zombies (Ossuary)
  5 rats
199 creatures vanquished.

Vanquished Creatures (others)
  6 withered plants (D:6)
6 creatures vanquished.

Grand Total: 205 creatures vanquished

Table legend:
 A = Non-vault XP
 B = Vault XP
 C = Vault XP percentage of total XP
 D = Non-vault monster count
 E = Vault monster count
 F = Vault count percentage of total count
                 A         B        C        D         E       F
            +---------+---------+-------+---------+---------+-------
      Total |    6592 |    3224 |  32.8 |     158 |      41 |  20.6
            +---------+---------+-------+---------+---------+-------
        D:1 |      14 |       7 |  33.3 |      10 |       6 |  37.5
        D:2 |      61 |       0 |   0.0 |      19 |       0 |   0.0
        D:3 |     183 |       0 |   0.0 |      20 |       0 |   0.0
        D:4 |     267 |       0 |   0.0 |      17 |       0 |   0.0
        D:5 |     845 |     388 |  31.5 |       8 |      10 |  55.6
        D:6 |    1808 |     468 |  20.6 |      28 |       4 |  12.5
        D:7 |     885 |       0 |   0.0 |      18 |       0 |   0.0
        D:8 |    2073 |     541 |  20.7 |      32 |       4 |  11.1
        D:9 |     456 |    1573 |  77.5 |       6 |       5 |  45.5
    Ossuary |       0 |     247 | 100.0 |       0 |      12 | 100.0
            +---------+---------+-------+---------+---------+-------

Illustrated notes

Table legend:
 A = Kills in this place as a percentage of kills in the entire game.
 B = Kills by you in this place as a percentage of kills by you in the entire game.
 C = Kills by friends in this place as a percentage of kills by friends in the entire game.
 D = Other kills in this place as a percentage of other kills in the entire game.
 E = Experience gained in this place as a percentage of experience gained in the entire game.
 F = Experience gained in this place divided by the number of levels of this place that you have seen.
                   A       B       C       D       E      F
               +-------+-------+-------+-------+-------+----------------------
         Total | 100.0 | 100.0 |   N/A |   N/A | 100.0 | 981.6
       Dungeon |  94.0 |  94.0 |   N/A |   N/A |  97.5 | 1063.2
       Ossuary |   6.0 |   6.0 |   N/A |   N/A |   2.5 | 247.0
               +-------+-------+-------+-------+-------+----------------------

Table legend: (Time is in decaauts)
 A = Elapsed time spent in this place.
 B = Non-inter-level travel time spent in this place.
 C = Inter-level travel time spent in this place.
 D = Time resting spent in this place.
 E = Time spent auto-exploring this place.
 F = Levels seen in this place.
 G = Mean time per level.
                   A        B        C        D        E       F      G
               +--------+--------+--------+--------+--------+-----+--------+
         Total |   9270 |   8952 |    318 |    642 |   6689 |  10 |  927.0 |
       Dungeon |   9080 |   8762 |    318 |    642 |   6575 |   9 | 1008.9 |
       Ossuary |    189 |    189 |      0 |      0 |    114 |   1 |  189.0 |
               +--------+--------+--------+--------+--------+-----+--------+

Top non-repeatable levels by time:
     D:6: 1728 daAuts
     D:5: 1217 daAuts
     D:3: 1197 daAuts
     D:4: 1126 daAuts
     D:7: 1025 daAuts
     D:8: 941 daAuts
     D:2: 877 daAuts
     D:1: 876 daAuts
 Ossuary: 189 daAuts
     D:9: 89 daAuts
